Map: Deathaura LE

Players

SpeCial - Winner!

  • Race: Terran Terran
  • Spawn Location: 5:00

Cham

  • Race: Zerg Zerg
  • League: Grandmaster
  • Spawn Location: 11:00

Event: DreamHack SC2 Masters 2020 Fall

VOD

Have the link to the VOD?

Description

Time

  • Played on: Aug. 30, 2020, 6:16 p.m.
  • Length: 15:07

All games in this series

Show
View Real Time Build Order
Export as new Build Order

SpeCial Terran - Winner!

Build Orders: Liberator Opening, Reaper Expand, Mech 

Get SALT Encoding   

  12  0:00  SCV  
  13  0:12  SCV  
  14  0:16  Supply Depot  
  14  0:24  SCV  
  15  0:38  SCV  
  15  0:40  Barracks  
  16  0:42  Refinery  
  16  0:50  SCV  
  17  1:02  SCV  
  18  1:14  SCV  
  19  1:28  Reaper, Orbital Command  
  20  1:39  Command Center  
  20  1:47  Supply Depot  
  20  1:54  SCV  
  21  1:59  Marine  
  22  2:06  SCV  
  23  2:08  Factory  
  23  2:18  SCV  
  23  2:20  Barracks Reactor  
  24  2:24  Refinery  
  24  2:30  SCV  
  25  2:42  SCV  
  26  2:54  Orbital Command  
  26  2:56  Starport  
  26  2:57  SCV  
  27  3:06  Command Center  
  27  3:09  SCV  
  28  3:13  Hellion  
  28  3:18  Hellion  
  32  3:20  Marine  
  32  3:23  SCV  
  32  3:26  SCV  
  35  3:34  Liberator  
  38  3:36  SCV  
  38  3:38  SCV  
  40  3:42  Supply Depot  
  40  3:44  Hellion  
  40  3:48  Hellion  
  44  3:49  Barracks Tech Lab  
  44  3:50  SCV  
  44  3:53  SCV  
  46  4:03  SCV  
  46  4:05  Supply Depot  
  46  4:06  SCV  
  48  4:11  Hellion x2  
  48  4:15  SCV  
  53  4:18  SCV  
  53  4:27  Liberator  
  53  4:28  SCV  
  53  4:30  SCV  
  58  4:32  Hellion x2, Orbital Command  
  58  4:35  Supply Depot  
  62  4:40  SCV  
  62  4:42  SCV  
  64  4:50  Barracks Tech Lab  
  64  4:52  Factory  
  64  4:53  SCV  
  64  4:54  SCV  
  64  4:56  Factory  
  64  4:58  Supply Depot  
  64  4:59  Hellion  
  68  5:01  Hellion  
  68  5:03  SCV  
  68  5:05  SCV  
  68  5:06  SCV  
  73  5:13  Armory, Refinery x2  
  73  5:17  SCV  
  73  5:21  Hellion  
  76  5:28  SCV  
  76  5:30  SCV  
  76  5:32  Orbital Command  
  79  5:41  SCV  
  79  5:42  SCV  
  74  5:43  Hellion  
  74  5:44  Hellion  
  74  5:47  Cyclone  
  71  5:53  SCV  
  71  5:54  SCV  
  71  5:56  Cyclone  
  76  5:58  SCV  
  76  6:00  Infernal Pre-Igniter  
  76  6:01  Factory  
  74  6:05  SCV  
  74  6:06  Factory  
  74  6:07  SCV  
  74  6:09  Barracks Reactor  
  74  6:10  SCV, Supply Depot  
  77  6:12  Refinery  
  77  6:13  Engineering Bay  
  77  6:15  Refinery  
  77  6:16  Hellion x2  
  77  6:17  SCV  
  82  6:19  SCV  
  82  6:22  SCV, Cyclone, Starport Tech Lab  
  87  6:29  SCV, Supply Depot  
  87  6:31  SCV  
  89  6:34  SCV  
  89  6:36  Cyclone  
  89  6:37  Hellion  
  95  6:40  Terran Vehicle And Ship Armor Level 1  
  95  6:41  SCV, Supply Depot  
  95  6:43  SCV  
  95  6:46  SCV  
  98  6:49  Hellion  
  98  6:50  Supply Depot x2  
  98  6:53  SCV  
  101  6:55  SCV  
  101  6:58  SCV  
  101  7:00  Widow Mine x2  
  109  7:01  Hellion  
  109  7:03  Hellion, Cyclone  
  109  7:05  SCV  
  109  7:08  Cyclone  
  115  7:09  Supply Depot  
  115  7:10  SCV x2  
  115  7:14  Supply Depot  
  117  7:16  Missile Turret  
  117  7:17  SCV  
  117  7:20  Mag-Field Accelerator  
  118  7:24  Missile Turret  
  118  7:28  Siege Tank  
  118  7:29  Hellion x2  
  125  7:31  Hellion  
  125  7:35  Siege Tank  
  130  7:39  Armory  
  130  7:40  Hellion x4, Siege Tank  
  131  7:51  Command Center  
  131  7:53  Hellion x2  
  131  7:54  Hellion  
  131  7:56  Hellion  
  139  8:03  Cyclone  
  134  8:06  SCV x3  
  134  8:07  Cyclone  
  134  8:10  Sensor Tower  
  134  8:12  Cyclone  
  143  8:21  Liberator  
  143  8:25  Hellion  
  148  8:27  Terran Vehicle Weapons Level 1  
  148  8:30  Supply Depot  
  148  8:31  Supply Depot  
  148  8:34  SCV  
  149  8:45  Command Center  
  149  8:51  SCV x2, Supply Depot x2, Hellion x3  
  149  8:52  SCV  
  149  8:53  Hellion x2, Cyclone  
  149  8:54  Supply Depot  
  165  8:56  Supply Depot  
  165  9:02  Supply Depot x2  
  165  9:03  Hellion  
  165  9:05  Liberator  
  164  9:11  SCV  
  164  9:13  Cyclone  
  164  9:14  Cyclone  
  169  9:18  SCV x2  
  170  9:25  Cyclone  
  170  9:30  Factory  
  168  9:32  Factory  
  168  9:34  Hellion x3  
  170  9:39  Hellion  
  170  9:43  SCV  
  170  9:44  Missile Turret  
  170  9:45  Cyclone, Missile Turret  
  173  9:46  Cyclone  
  173  9:55  Hellion  
  173  9:56  Hellion  
  173  9:57  Cyclone  
  170  10:05  Starport Tech Lab  
  170  10:08  Hellion  
  172  10:17  Cyclone  
  172  10:18  Siege Tank  
  172  10:19  Hellion  
  172  10:20  Terran Vehicle And Ship Armor Level 2  
  179  10:26  Terran Vehicle Weapons Level 2  
  179  10:28  Banshee  
  179  10:29  Hyperflight Rotors, Siege Tank  
  179  10:32  Factory Tech Lab x2  
  177  10:36  Hellion x2  
  176  10:43  Hellion  
  176  10:49  Hellion, Siege Tank  
  167  10:50  SCV, Siege Tank  
  167  10:54  Hellion, Cyclone  
  148  10:58  Hellion  
  148  11:01  Cyclone  
  141  11:06  Hellion  
  127  11:11  SCV  
  127  11:13  Banshee  
  128  11:23  SCV x2  
  130  11:26  Hellion x2, Cyclone  
  130  11:30  Hellion, Cyclone  
  130  11:31  SCV  
  143  11:33  Hellion  
  143  11:39  SCV  
  138  11:45  Hellion, Cyclone  
  138  11:47  Planetary Fortress  
  137  11:48  SCV x2  
  137  11:54  Planetary Fortress  
  139  11:57  Banshee  
  139  12:01  Hellion  
  141  12:06  Hellion x2  
  141  12:08  Hellion  
  147  12:12  SCV x3  
  150  12:26  Hellion x2, Cyclone x2  
  150  12:27  Cyclone x2  
  160  12:30  SCV x3  
  160  12:34  Cloaking Field  
  163  12:37  Hellion x2  
  163  12:38  Hellion  
  163  12:42  SCV  
  170  12:48  Hellion, Cyclone  
  170  12:49  Banshee  
  178  12:58  Cyclone  
  178  13:04  Siege Tank x2  
  179  13:09  Hellion  
  179  13:12  Hellion, Cyclone, Refinery, Sensor Tower  
  182  13:13  Refinery  
  181  13:29  Refinery  
  181  13:30  Refinery  
  181  13:33  Hellion x2, Siege Tank x2  
  191  13:36  Siege Tank  
  194  13:42  Refinery x2  
  194  13:44  SCV x2  
  198  13:48  Hellion  
  198  13:49  Hellion  
  196  14:05  Hellion, Cyclone  
  168  14:13  Hellion  
  147  14:17  Hellion, Cyclone  
  147  14:19  Siege Tank  
  147  14:23  Hellion, Banshee  
  160  14:26  Hellion  
  160  14:30  Siege Tank  
  160  14:31  Hellion  
  167  14:34  Hellion  
  169  14:39  Hellion  
  169  14:44  Hellion  
Show
View Real Time Build Order
Export as new Build Order

Cham Zerg 

Build Orders: Hatch First, Swarm Host 

Get SALT Encoding   

  12  0:00  Drone  
  13  0:08  Drone  
  14  0:20  Overlord  
  14  0:22  Extractor  
  14  0:23  Drone  
  15  0:39  Drone  
  16  0:47  Hatchery  
  15  0:51  Drone  
  15  0:56  Drone  
  17  0:58  Drone  
  18  1:12  Extractor  
  18  1:13  Spawning Pool  
  18  1:16  Drone  
  17  1:19  Drone  
  18  1:27  Drone  
  19  1:43  Drone  
  20  1:52  Overlord  
  20  2:00  Queen x2  
  25  2:01  Zergling x4  
  26  2:11  Drone x2  
  26  2:15  Metabolic Boost  
  28  2:20  Drone  
  29  2:23  Drone  
  30  2:35  Hatchery  
  30  2:36  Drone  
  30  2:44  Queen  
  30  2:50  Drone x2  
  34  2:53  Drone x2  
  34  2:57  Overlord  
  36  3:02  Overlord  
  36  3:15  Drone x5  
  36  3:19  Queen  
  41  3:26  Drone x2  
  45  3:37  Overlord  
  45  3:41  Zergling x2  
  46  3:43  Zergling x2  
  46  3:44  Zergling x2  
  46  3:45  Drone  
  46  3:46  Drone x3  
  46  3:47  Queen  
  54  3:49  Overlord  
  54  3:51  Overlord  
  54  3:56  Queen  
  54  3:59  Drone x2  
  54  4:02  Drone  
  59  4:03  Drone  
  60  4:13  Drone x2  
  60  4:15  Drone x2  
  60  4:16  Drone  
  65  4:19  Drone  
  65  4:22  Drone x2  
  68  4:25  Lair  
  68  4:27  Baneling Nest  
  68  4:28  Drone x3, Extractor  
  69  4:32  Spore Crawler, Drone  
  69  4:33  Drone  
  69  4:37  Extractor  
  69  4:38  Spore Crawler  
  68  4:39  Drone x2  
  68  4:40  Drone, Extractor  
  68  4:42  Drone x2  
  68  4:45  Overlord  
  72  4:49  Overlord  
  69  4:55  Drone  
  69  4:58  Drone x3  
  69  4:59  Overlord, Drone  
  74  5:01  Overlord  
  74  5:08  Drone  
  74  5:10  Drone  
  74  5:12  Drone  
  74  5:13  Drone x4  
  74  5:14  Zergling x2  
  82  5:16  Zergling x2  
  80  5:24  Zergling x2  
  80  5:26  Zergling x6  
  77  5:30  Zergling x4  
  62  5:38  Drone  
  62  5:39  Drone x2  
  62  5:42  Drone  
  61  5:46  Drone  
  61  5:47  Drone x2  
  64  5:53  Hatchery, Drone x2  
  65  5:59  Drone  
  65  6:02  Drone x2  
  67  6:11  Overlord  
  67  6:13  Drone x2  
  67  6:17  Overlord  
  69  6:23  Infestation Pit  
  69  6:24  Drone x4  
  72  6:29  Roach Warren  
  72  6:30  Drone x2, Extractor  
  72  6:31  Drone  
  72  6:35  Drone x3  
  72  6:36  Drone x2  
  77  6:44  Extractor  
  76  6:49  Drone x3  
  76  6:52  Drone  
  76  6:53  Drone x2  
  80  7:02  Drone x2  
  80  7:03  Zergling x10  
  80  7:04  Drone  
  80  7:08  Overlord  
  85  7:09  Overlord, Glial Reconstitution  
  85  7:14  Overlord  
  85  7:16  Swarm Host x2  
  85  7:20  Swarm Host x4  
  103  7:24  Nydus Network, Swarm Host x2  
  103  7:26  Swarm Host  
  103  7:29  Swarm Host  
  114  7:32  Drone x3  
  114  7:33  Drone  
  114  7:36  Swarm Host  
  114  7:37  Swarm Host  
  118  7:38  Swarm Host  
  118  7:44  Swarm Host x2  
  127  7:50  Roach  
  127  7:51  Roach x2  
  135  8:10  Overlord x2  
  135  8:17  Overlord x3  
  135  8:19  Evolution Chamber  
  134  8:20  Nydus Canal, Overlord, Evolution Chamber  
  134  8:23  Roach  
  134  8:29  Roach x2  
  134  8:30  Roach x6  
  147  8:43  Nydus Canal  
  147  8:45  Roach x10  
  147  8:48  Zerg Missile Weapons Level 1  
  166  8:50  Zerg Ground Armor Level 1  
  166  8:53  Ravager  
  166  8:54  Ravager x3  
  171  8:55  Zergling x2  
  171  8:56  Zergling x4  
  171  9:00  Nydus Canal  
  173  9:03  Zergling x10  
  175  9:11  Drone x4  
  175  9:12  Drone  
  175  9:14  Zergling x6  
  180  9:21  Zergling x8  
  184  9:25  Ravager x2  
  184  9:31  Nydus Canal  
  174  9:39  Zergling x2  
  174  9:40  Zergling x18  
  174  9:44  Overlord x2  
  184  9:46  Overlord  
  179  9:59  Roach x4  
  182  10:00  Roach x2  
  182  10:11  Nydus Canal  
  182  10:12  Ravager x2  
  182  10:13  Roach x7  
  198  10:19  Ravager  
  199  10:26  Baneling x8  
  199  10:27  Centrifical Hooks  
  197  10:32  Drone x3  
  194  10:42  Roach x4  
  193  10:54  Roach x2  
  193  10:55  Roach x2  
  187  11:04  Roach x5  
  174  11:06  Roach  
  156  11:12  Roach x2  
  148  11:25  Nydus Canal  
  144  11:26  Roach  
  142  11:42  Drone  
  142  11:43  Hydralisk Den, Drone x9  
  142  11:45  Zerg Ground Armor Level 2, Zerg Missile Weapons Level 2, Extractor x2  
  149  11:57  Roach  
  149  11:58  Roach x4  
  149  12:01  Roach  
  161  12:06  Hive  
  161  12:24  Grooved Spines  
  161  12:30  Nydus Canal  
  161  12:36  Hydralisk  
  161  12:37  Hydralisk x11  
  161  12:40  Overseer  
  185  12:46  Overseer  
  185  12:47  Spore Crawler  
  185  12:50  Spore Crawler  
  181  12:51  Nydus Canal  
  181  13:03  Hydralisk x6  
  175  13:18  Hatchery  
  175  13:19  Viper x2  
  176  13:30  Hydralisk x3  
  176  13:33  Roach x2  
  186  13:36  Muscular Augments  
  186  13:40  Roach x3  
  192  13:47  Nydus Canal  
  192  13:49  Roach x3  
  192  13:52  Ravager x2  
  173  14:10  Roach x2  
  173  14:16  Roach x4  
  168  14:19  Overseer  
  162  14:30  Hydralisk x5  

Tags
 
Add a new tag
Caveats
  • Supply blocks, unpowered buildings, or Contaminate may cause inaccurate times.
  • Supply counts are checked every 10 seconds.